 Dungeon Crawl Stone Soup version 0.31.0-12-g77e489cdc1 (webtiles) character file.

Game seed: 9872436435226043471

5259 Gadfly the Basher (level 10, -4/106 HPs)
             Began as an Oni Berserker on Feb 27, 2024.
             Was an Elder of Trog.
             Slain by an orc warrior
             ... wielding a +1 halberd of distortion
              (10 damage)
             ... on level 10 of the Dungeon.
             The game lasted 00:16:48 (11011 turns).

Gadfly the Basher (Oni Berserker)                  Turns: 11011, Time: 00:16:49

Health: -4/106     AC:  7    Str: 35      XL:     10   Next: 62%
Magic:  10/10      EV: 10    Int:  6 (7)  God:    Trog [****..]
Gold:   233        SH:  4    Dex: 14 (15) Spells: 9/9 levels left

rFire   . . .        a - +3 flail (protect)
rCold   . . .        (no shield)
rNeg    + . .        c - +2 robe {rN+}
rPois   .            (helmet restricted)
rElec   .            o - +0 cloak
rCorr   .            (gloves unavailable)
SInv    .            (boots unavailable)
Will    +....        (no amulet)
Stlth   +            l - +6 ring of dexterity
HPRegen 0.37/turn    k - +6 ring of strength
MPRegen 0.12/turn

%: no passive effects
@: about to teleport, on berserk cooldown, slowed, very slow
A: large, unfitting armour, horns 1, tough skin 1, double potion healing,
drunken brawling, large bone plates 1, deterioration 1, strong 1
a: Renounce Religion, Berserk, Trog's Hand, Brothers in Arms


You were on level 10 of the Dungeon.
You worshipped Trog.
Trog was greatly pleased with you.
You visited 2 branches of the dungeon, and saw 11 of its levels.

You collected 402 gold pieces.
You spent 169 gold pieces at shops.

Inventory:

Hand Weapons
 a - a +3 flail of protection (weapon)
 b - a +1 flail of holy wrath
 q - a +2 mace of protection
 A - a +0 dire flail
Armour
 c - a +2 robe of positive energy (worn)
 o - a +0 cloak (worn)
Jewellery
 k - a +6 ring of strength (right hand)
 l - a +6 ring of dexterity (left hand)
Wands
 g - a wand of charming (14) (quivered)
 p - a wand of roots (5)
 s - a wand of digging (5)
 w - a wand of quicksilver (9)
Scrolls
 d - a scroll of brand weapon {unknown}
 e - a scroll of fear
 h - 2 scrolls of teleportation
 n - a scroll of revelation
 r - 2 scrolls of butterflies
 B - a scroll of fog
Potions
 f - a potion of enlightenment
 i - a potion of attraction
 j - 3 potions of mutation
 m - a potion of might
 t - a potion of cancellation
 v - 2 potions of ambrosia
 x - 2 potions of haste
 z - a potion of resistance


   Skills:
 + Level 8.8 Fighting
 * Level 9.0 Maces & Flails
 * Level 7.4 Armour
 - Level 2.6 Dodging
 * Level 6.7 Evocations


You had 9 spell levels left.
You didn't know any spells.
Your spell library was empty.

Dungeon Overview and Level Annotations

Branches:
Dungeon (10/15)            Temple (1/1) D:4
   Lair: D:8-11         Orc: D:9-12

Altars:
Ashenzari
Cheibriados
Dithmenos
Elyvilon
Fedhas
Gozag
Kikubaaqudgha
Makhleb
Nemelex Xobeh
Okawaru
Qazlal
Ru
Sif Muna
Trog
Uskayaw
Vehumet
Wu Jian
Xom
Yredelemnul
Zin
The Shining One

Shops:
D:1 =[=[[   D:4 :   D:6 (=   D:9 ===

Annotations:
D:3 3 runed translucent doors, Tripartite's ghost, amateur DgFi


Innate Abilities, Weirdness & Mutations

You are too large for most types of armour.
You have a pair of small horns on your head.
You have tough skin. (AC +1)
You gain doubled healing and magic from potions.
Whenever you drink a healing potion, you attack all around you.
You are partially covered in large bone plates. (SH +4)
Your body sometimes deteriorates upon taking damage.
Your muscles are strong. (Str +4, Int/Dex -1)


Message History

Your weapon exudes an aura of protection.
Your headbutt misses the orc warrior.
The orc warrior is lightly wounded.
The orc closely misses you.
The orc warrior hits you with a +1 halberd of distortion.
Space warps horribly around you!!
A red film seems to cover your vision as you go berserk!
You feel yourself moving faster!
You feel mighty! The orc closely misses you.
The orc warrior hits you with a +1 halberd of distortion!
* * * LOW HITPOINT WARNING * * *
Space warps around you!
* * * LOW HITPOINT WARNING * * *
You hit the orc warrior.
The orc warrior is moderately wounded.
The orc hits you but does no damage.
You barely miss the orc warrior. Your headbutt misses the orc warrior.
The orc warrior is moderately wounded.
The orc warrior hits you with a +1 halberd of distortion!
* * * LOW HITPOINT WARNING * * *
You blink.
You feel a strong urge to attack something.
You feel your anger nearly subside.
An orc warrior comes into view. It is wielding a +0 glaive.
You are no longer berserk.
You are exhausted.
You feel yourself slow down.
The orc warrior shouts!
The orc warrior throws a boomerang.
The boomerang hits you.
* * * LOW HITPOINT WARNING * * *
The orc warrior closely misses you.
An orc comes into view. It is wielding a +0 hand axe.
As you read the scroll of teleportation, it crumbles to dust.
You feel strangely unstable.
The orc warrior throws a boomerang.
The boomerang hits you.
* * * LOW HITPOINT WARNING * * *
The orc barely misses you.
The orc warrior hits you from afar with a +1 halberd of distortion!
* * * LOW HITPOINT WARNING * * *
Space warps horribly around you!
You die...

.........#.#
##.###.....# ..
#..........# .#
#..........# .#
...###..##.# .#
#.....## .# #
###..##..# .#.#o#
#........####o....#
.....#.##.....@.#
#..#.#.##..####o# ##
# #........#o####.##
#.#.....##.#........
..........o........##
##.#......o.##.#.###
# #.....#..# .#.#
#.....#..##.# . #
#...........###.#


You could see 2 orc warriors and 2 orcs.

Vanquished Creatures
  A two-headed ogre (D:10)
  A hornet (D:9)
  A shadow (D:8)
  2 wyverns (D:9)
  12 yaks
  Menkaure (D:5)
  A water moccasin (D:7)
  Duvessa (D:4)
  3 orc warriors
  A centaur (D:8)
  3 kobold brigands
  2 bullfrogs
  2 scorpions
  Dowan (D:4)
  3 killer bees (D:9)
  2 howler monkeys (D:8)
  2 jellies (D:5)
  A bombardier beetle (D:6)
  3 hounds
  8 orc priests
  2 sleepcaps
  2 iguanas
  10 orc wizards
  3 gnolls
  3 adders
  A shadow imp (D:7)
  2 white imps (D:5)
  A ribbon worm (D:2)
  28 orcs
  6 ball pythons
  5 endoplasms
  3 giant cockroaches
  6 hobgoblins
  5 quokkas
  2 bats (D:3)
  3 frilled lizards
  10 goblins
  26 kobolds
  5 rats
174 creatures vanquished.

Vanquished Creatures (others)
  A hound (D:6)
  A sleepcap (D:6)
2 creatures vanquished.

Grand Total: 176 creatures vanquished

Notes
Turn   | Place    | Note
-------+----------+-------------------------------------------
     0 | D:1      | Gadfly the Oni Berserker began the quest for the Orb.
     0 | D:1      | Reached XP level 1. HP: 24/24 MP: 1/1
    18 | D:1      | Found Qixtul's Jewellery Shop.
   156 | D:1      | Found Myimefak's Armour Shop.
   157 | D:1      | Found Byzav's Jewellery Shoppe.
   236 | D:1      | Reached XP level 2. HP: 32/32 MP: 2/2
   595 | D:1      | Found Lanyleg's Antique Armour Shoppe.
   630 | D:1      | Found Ladib's Armour Boutique.
   703 | D:2      | Reached skill level 1 in Armour
   737 | D:2      | Reached XP level 3. HP: 31/39 MP: 3/3
   806 | D:2      | Reached skill level 1 in Evocations
  1024 | D:2      | Reached ** piety under Trog
  2106 | D:3      | Reached XP level 4. HP: 39/49 MP: 4/4
  2358 | D:3      | Found a runed translucent gate.
  2358 | D:3      | Found a runed translucent gate.
  2358 | D:3      | Found a runed translucent gate.
  2359 | D:3      | Noticed a kobold brigand
  2361 | D:3      | Noticed Tripartite's ghost (amateur DgFi)
  2684 | D:4      | Noticed Dowan
  2685 | D:4      | Noticed Duvessa
  2699 | D:4      | Killed Duvessa
  2700 | D:4      | Reached skill level 4 in Maces & Flails
  2700 | D:4      | Reached XP level 5. HP: 18/55 MP: 5/5
  2707 | D:4      | Killed Dowan
  2869 | D:4      | Found a staircase to the Ecumenical Temple.
  2962 | Temple   | Entered the Ecumenical Temple
  3039 | D:4      | Found Gecimuudd's Vocational Training.
  3130 | D:4      | Reached XP level 6. HP: 65/65 MP: 6/6
  3488 | D:4      | Reached skill level 5 in Fighting
  4193 | D:5      | Entered Level 5 of the Dungeon
  4283 | D:5      | Noticed Menkaure
  4292 | D:5      | Killed Menkaure
  4293 | D:5      | Reached XP level 7. HP: 30/72 MP: 7/7
  4671 | D:5      | Reached skill level 5 in Maces & Flails
  4914 | D:5      | Gained mutation: Your muscles are strong. (Str +4, Int/Dex
                  | -1) [potion of mutation]
  4914 | D:5      | Gained mutation: Your body sometimes deteriorates upon
                  | taking damage. [potion of mutation]
  4914 | D:5      | Gained mutation: You are partially covered in large bone
                  | plates. (SH +4) [potion of mutation]
  5215 | D:5      | Found a white marble altar of Elyvilon.
  5289 | D:6      | Found Keicerch's Jewellery Shop.
  5299 | D:6      | Found an opulent altar of Gozag.
  5299 | D:6      | Found a broken altar of Ashenzari.
  5300 | D:6      | Found a bloodstained altar of Trog.
  5342 | D:5      | HP: 1/74 [orc warrior/+0 short sword (12)]
  5619 | D:6      | Reached XP level 8. HP: 80/83 MP: 8/8
  5712 | D:6      | Found Gidurasu's Antique Weapon Boutique.
  5718 | D:6      | Bought a runed flail for 169 gold pieces
  6566 | D:6      | Reached *** piety under Trog
  6567 | D:6      | Reached skill level 6 in Maces & Flails
  7871 | D:8      | Reached skill level 5 in Armour
  7984 | D:8      | Reached XP level 9. HP: 92/92 MP: 9/9
  8111 | D:8      | Reached skill level 7 in Maces & Flails
  8111 | D:8      | Reached skill level 5 in Evocations
  8846 | D:9      | Reached **** piety under Trog
  8937 | D:8      | Reached skill level 8 in Maces & Flails
  9128 | D:9      | Reached XP level 10. HP: 50/104 MP: 10/10
  9519 | D:9      | Found Liurr's Jewellery Shoppe.
  9694 | D:9      | Paralysed by a hornet for 3 turns
 10101 | D:9      | Found Boqiw's Jewellery Shop.
 10256 | D:9      | Found an iron altar of Okawaru.
 10396 | D:9      | Found Naaschaoh's Jewellery Shoppe.
 10456 | D:10     | Entered Level 10 of the Dungeon
 10770 | D:10     | Noticed a two-headed ogre
 10916 | D:10     | Killed a two-headed ogre
 10917 | D:10     | Reached skill level 9 in Maces & Flails
 11011 | D:10     | Slain by an orc warrior

Illustrated notes

Levels and vault maps discovered:
D:1:      minmay_arrival_wavy_path, layout_rooms, serial_forest,
          infiniplex_forest_lined_3, infiniplex_forest_straight_2,
          infiniplex_forest_lined_room_2, infiniplex_forest_clump_small,
          infiniplex_forest_end_1, infiniplex_forest_corner_1,
          infiniplex_forest_straight_4, serial_shops, shop, shop,
          nicolae_shop_tiny_waterfront, shop, shop, grunt_decor_junction,
          kennysheep_flooded_box
D:2:      layout_loops_ring
D:3:      layout_basic, gammafunk_ghost_nasty_kobolds,
          dreamdust_princess_corridor
D:4:      layout_layer_cave, minmay_temple_entry_gardened_gates,
          nicolae_shop_vocational, uniq_duvessa
D:5:      layout_rooms, nicolae_elyvilon_temple_path, uniq_menkaure
D:6:      layout_basic, chequers_temple_overflow_statue_of_worship,
          serial_shops, shop, nicolae_shop_just_a_little_nook,
          lemuel_flamethrower_2
D:7:      layout_basic
D:8:      layout_loops_ring
D:9:      layout_long_grid, okawaru_altar_gauntlet_db, serial_shops,
          nicolae_take_the_stairs, nicolae_lakefront_shop, shop
D:10:     layout_basic, nzn_hepliaklqana_mist_gate, lair_entry_dummy,
          david_orc_4
Temple:   compressed_dpeg_triangle_lava_temple

Skill      XL: |  1  2  3  4  5  6  7  8  9 10 |
---------------+-------------------------------+-----
Armour         | 1 2 3 5 6 7 |  7.4
Evocations     | 1 2 3 4 6 |  6.7
Maces & Flails | 4 5 6 8 9 |  9.0
Fighting       | 5 6 8 |  8.8
Dodging        | |  2.6

Action                     |  1- 3 |  4- 6 |  7- 9 | 10-12 || total
---------------------------+-------+-------+-------+-------++-------
  Melee: Mace              |   103 |    77 |   104 |       ||   284
         Headbutt          |    15 |    10 |    65 |    20 ||   110
         Punch             |       |     1 |     4 |     1 ||     6
         Flail             |       |       |   198 |   119 ||   317
 Invoke: Berserk           |       |     3 |       |     2 ||     5
         Trog's Hand       |       |       |       |     1 ||     1
  Evoke: Wand              |       |       |       |     2 ||     2
    Use: Scroll            |     5 |     2 |     8 |     3 ||    18
         Potion            |       |     3 |     7 |     3 ||    13
   Stab: Sleeping          |       |     1 |       |       ||     1
 Armour: Robe              |    68 |    48 |   265 |    98 ||   479
         Animal skin       |     4 |       |       |       ||     4
         Skin              |       |       |       |    20 ||    20
  Dodge: Dodged            |    37 |    39 |   170 |    58 ||   304
  Block: Other             |       |       |    48 |    13 ||    61
